Map: Fields of Death

Players

Loken

  • Race: Protoss Protoss
  • League: Platinum
  • Spawn Location: 6:00

dallaskuken

  • Race: Protoss Protoss
  • League: Platinum
  • Spawn Location: 7:00

WarBringer - Winner!

  • Race: Terran Terran
  • League: Diamond
  • Spawn Location: 12:00

Nickorlator - Winner!

  • Race: Zerg Zerg
  • League: Diamond
  • Spawn Location: 12:00

VOD

Have the link to the VOD?

Description

Time

  • Played on: March 25, 2017, 12:43 p.m.
  • Length: 17:19
Show
View Real Time Build Order
Export as new Build Order

Loken Protoss 

Build Orders:  

Get SALT Encoding   

  12  0:02  Probe (Chrono Boost)  
  13  0:12  Probe (Chrono Boost)  
  14  0:18  Pylon  
  14  0:24  Probe (Chrono Boost)  
  15  0:39  Probe (Chrono Boost)  
  15  0:41  Forge  
  16  0:49  Probe (Chrono Boost)  
  17  0:56  Pylon  
  17  1:02  Pylon  
  17  1:20  Pylon  
  17  1:43  Photon Cannon  
  17  1:51  Probe (Chrono Boost)  
  17  1:53  Gateway  
  17  1:55  Gateway  
  17  2:08  Probe (Chrono Boost)  
  18  2:10  Assimilator  
  18  2:12  Assimilator  
  18  2:16  Pylon  
  18  2:18  Probe (Chrono Boost)  
  19  2:33  Pylon  
  19  2:35  Probe (Chrono Boost)  
  20  2:45  Zealot x2  
  20  2:46  Probe (Chrono Boost)  
  25  2:52  Cybernetics Core  
  25  2:58  Gateway  
  25  3:08  Probe (Chrono Boost)  
  25  3:12  Zealot x2  
  30  3:25  Photon Cannon  
  30  3:32  Warp Gate  
  30  3:37  Stargate  
  30  3:44  Probe (Chrono Boost)  
  32  3:56  Probe (Chrono Boost)  
  32  4:16  Probe (Chrono Boost)  
  33  4:17  Stargate  
  33  4:30  Probe (Chrono Boost)  
  34  4:32  Nexus  
  34  4:43  Probe (Chrono Boost)  
  34  4:44  Oracle  
  38  4:52  Assimilator  
  38  4:56  Assimilator  
  38  5:00  Pylon  
  38  5:16  Pylon  
  38  5:17  Oracle  
  41  5:35  Oracle  
  44  5:48  Probe (Chrono Boost)  
  45  5:52  Probe (Chrono Boost)  
  45  5:56  Oracle  
  49  5:58  Probe (Chrono Boost)  
  49  6:04  Probe (Chrono Boost)  
  51  6:09  Probe (Chrono Boost)  
  52  6:16  Probe (Chrono Boost)  
  53  6:19  Probe (Chrono Boost)  
  54  6:28  Probe (Chrono Boost)  
  54  6:30  Void Ray  
  54  6:31  Void Ray, Probe (Chrono Boost)  
  65  6:40  Probe (Chrono Boost)  
  65  6:43  Probe (Chrono Boost)  
  66  6:53  Protoss Air Weapons Level 1  
  67  6:55  Probe (Chrono Boost)  
  67  6:59  Pylon x2  
  67  7:03  Pylon  
  67  7:07  Probe (Chrono Boost)  
  65  7:52  Void Ray x2  
  56  8:23  Probe (Chrono Boost)  
  56  8:24  Probe (Chrono Boost)  
  56  8:26  Stalker x2  
  56  8:27  Stalker  
  64  8:32  Nexus  
  65  8:36  Probe x2 (Chrono Boost)  
  65  8:38  Void Ray x2  
  66  8:48  Probe (Chrono Boost)  
  75  8:51  Protoss Air Armor Level 1  
  75  8:52  Stalker x2  
  75  8:53  Stalker  
  81  9:11  Nexus  
  81  9:12  Pylon  
  81  9:14  Pylon  
  81  9:15  Void Ray x2  
  89  9:39  Pylon  
  89  9:41  Pylon  
  89  9:45  Assimilator  
  89  9:50  Assimilator  
  89  10:00  Fleet Beacon  
  89  10:04  Gateway  
  89  10:05  Gateway  
  89  10:11  Photon Cannon  
  89  10:15  Photon Cannon  
  89  10:18  Probe (Chrono Boost)  
  91  10:28  Probe (Chrono Boost)  
  91  10:29  Probe (Chrono Boost)  
  76  10:39  Probe (Chrono Boost)  
  60  11:00  Probe (Chrono Boost)  
  60  11:01  Probe (Chrono Boost)  
  47  11:10  Probe (Chrono Boost)  
  46  11:13  Probe (Chrono Boost)  
  47  11:21  Probe (Chrono Boost)  
  47  11:25  Probe (Chrono Boost)  
  49  11:31  Probe (Chrono Boost)  
  50  11:37  Probe (Chrono Boost)  
  51  11:42  Probe (Chrono Boost)  
  52  11:49  Probe (Chrono Boost)  
  52  11:52  Probe (Chrono Boost)  
  54  11:59  Nexus  
  55  12:01  Probe (Chrono Boost)  
  55  12:03  Probe (Chrono Boost)  
  56  12:13  Probe x2 (Chrono Boost)  
  58  12:24  Probe (Chrono Boost)  
  58  12:25  Probe (Chrono Boost)  
  60  12:34  Probe (Chrono Boost)  
  62  12:38  Probe (Chrono Boost)  
  62  12:45  Probe (Chrono Boost)  
  62  12:50  Probe (Chrono Boost)  
  60  12:55  Probe (Chrono Boost)  
  53  13:02  Probe (Chrono Boost)  
  54  13:06  Probe (Chrono Boost)  
  48  13:14  Probe (Chrono Boost)  
  48  13:15  Zealot x3  
  48  13:16  Zealot x2  
  50  13:20  Twilight Council  
  50  13:24  Photon Cannon  
  46  13:27  Photon Cannon  
  46  13:33  Photon Cannon  
  46  13:38  Probe (Chrono Boost)  
  47  13:47  Sentry x4  
  47  13:48  Sentry, Probe (Chrono Boost)  
  58  13:59  Probe (Chrono Boost)  
  59  14:04  Probe (Chrono Boost)  
  59  14:05  Probe (Chrono Boost)  
  62  14:10  Probe (Chrono Boost)  
  62  14:15  Probe (Chrono Boost)  
  64  14:17  Probe (Chrono Boost)  
  64  14:20  Probe (Chrono Boost)  
  64  14:23  Zealot x2  
  64  14:24  Zealot x2  
  72  14:30  Probe (Chrono Boost)  
  71  14:45  Zealot x2  
  69  14:46  Zealot  
  41  15:22  Nexus  
  41  15:26  Pylon  
  1  16:32  Nexus  
  1  17:12  Pylon  
Show
View Real Time Build Order
Export as new Build Order

dallaskuken Protoss 

Build Orders: Cannon Rush 

Get SALT Encoding   

  12  0:01  Probe (Chrono Boost)  
  13  0:11  Probe (Chrono Boost)  
  14  0:19  Pylon  
  14  0:37  Forge  
  14  0:40  Probe (Chrono Boost)  
  15  0:46  Pylon  
  15  1:14  Photon Cannon  
  15  1:16  Photon Cannon  
  15  1:19  Pylon  
  15  1:34  Photon Cannon  
  15  1:43  Pylon  
  15  2:01  Pylon  
  15  2:06  Photon Cannon  
  15  2:25  Photon Cannon  
  15  2:29  Pylon  
  15  2:46  Pylon  
  15  2:49  Photon Cannon  
  15  3:02  Pylon  
  15  3:14  Photon Cannon  
  15  3:29  Photon Cannon  
  15  3:36  Pylon  
  15  3:44  Probe (Chrono Boost)  
  15  3:47  Assimilator  
  16  3:55  Photon Cannon, Probe (Chrono Boost)  
  17  4:00  Photon Cannon  
  17  4:09  Pylon  
  17  4:42  Probe (Chrono Boost)  
  19  4:53  Probe (Chrono Boost)  
  19  4:56  Assimilator  
  19  5:03  Probe (Chrono Boost)  
  20  5:11  Gateway  
  20  5:14  Probe (Chrono Boost)  
  21  5:18  Pylon  
  21  5:36  Probe (Chrono Boost)  
  22  5:47  Probe (Chrono Boost)  
  23  5:51  Nexus  
  23  5:53  Pylon  
  23  5:57  Probe (Chrono Boost)  
  24  6:08  Probe (Chrono Boost)  
  25  6:14  Cybernetics Core  
  25  6:35  Assimilator  
  25  6:40  Assimilator  
  25  6:48  Nexus  
  25  6:50  Pylon  
  25  6:55  Assimilator  
  25  6:59  Assimilator  
  25  7:03  Probe (Chrono Boost)  
  26  7:14  Probe (Chrono Boost)  
  26  7:15  Stargate  
  27  7:17  Stargate  
  27  7:18  Stargate  
  27  7:24  Probe (Chrono Boost)  
  28  7:35  Probe (Chrono Boost)  
  29  7:45  Probe (Chrono Boost)  
  30  7:56  Probe (Chrono Boost)  
  31  8:00  Probe (Chrono Boost)  
  32  8:06  Probe (Chrono Boost)  
  32  8:11  Probe (Chrono Boost)  
  34  8:17  Void Ray, Probe (Chrono Boost)  
  34  8:18  Void Ray x2  
  47  8:21  Probe (Chrono Boost)  
  48  8:28  Probe (Chrono Boost)  
  48  8:32  Probe (Chrono Boost), Fleet Beacon  
  50  8:38  Probe (Chrono Boost)  
  51  8:42  Probe (Chrono Boost)  
  52  8:49  Probe (Chrono Boost)  
  52  8:53  Probe (Chrono Boost)  
  54  8:57  Pylon  
  54  8:59  Probe (Chrono Boost)  
  55  9:03  Probe (Chrono Boost)  
  55  9:04  Pylon x2  
  55  9:06  Pylon  
  55  9:09  Carrier  
  57  9:10  Probe (Chrono Boost)  
  57  9:14  Probe (Chrono Boost)  
  58  9:20  Probe (Chrono Boost)  
  65  9:25  Probe (Chrono Boost)  
  65  9:31  Probe (Chrono Boost)  
  67  9:35  Probe (Chrono Boost)  
  67  9:37  Pylon  
  67  9:38  Carrier  
  68  9:41  Probe (Chrono Boost)  
  69  9:46  Probe (Chrono Boost)  
  69  9:49  Carrier  
  69  9:52  Probe (Chrono Boost)  
  77  9:58  Probe (Chrono Boost)  
  78  10:04  Probe (Chrono Boost)  
  85  10:10  Probe (Chrono Boost)  
  86  10:16  Probe (Chrono Boost)  
  86  10:19  Protoss Air Weapons Level 1  
  88  10:22  Probe (Chrono Boost)  
  88  10:24  Carrier  
  89  10:29  Probe (Chrono Boost)  
  89  10:34  Probe (Chrono Boost)  
  96  10:46  Probe (Chrono Boost)  
  97  10:52  Carrier  
  98  10:58  Probe (Chrono Boost)  
  104  11:04  Carrier  
  104  11:10  Probe (Chrono Boost)  
  112  11:26  Probe (Chrono Boost)  
  112  11:38  Probe (Chrono Boost)  
  113  11:50  Probe (Chrono Boost)  
  114  12:24  Nexus  
  114  12:26  Carrier  
  114  12:27  Carrier  
  114  12:28  Pylon  
  114  12:30  Pylon  
  114  12:31  Pylon  
  114  12:33  Pylon  
  113  12:38  Carrier  
  112  13:02  Pylon  
  112  13:04  Pylon  
  94  13:06  Pylon  
  64  13:28  Nexus  
  64  13:34  Pylon  
  64  13:36  Pylon  
  66  13:43  Mothership Core (Chrono Boost)  
  22  15:33  Pylon  
  22  16:01  Gateway  
  22  16:52  Cybernetics Core  
Show
View Real Time Build Order
Export as new Build Order

WarBringer Terran - Winner!

Build Orders: MMM Bio 

Get SALT Encoding   

  12  0:01  SCV  
  13  0:13  SCV  
  14  0:18  Supply Depot  
  14  0:33  SCV  
  15  0:42  Refinery  
  15  0:43  Barracks  
  15  0:47  SCV  
  16  0:59  SCV  
  17  1:11  SCV  
  18  1:23  SCV  
  19  1:36  SCV  
  20  2:17  SCV  
  20  2:21  Refinery  
  21  2:33  SCV  
  22  2:44  Marine  
  22  2:48  Bunker  
  23  3:05  Factory  
  23  3:06  Marine  
  23  3:23  Orbital Command  
  23  3:31  Command Center  
  23  3:57  Factory Tech Lab  
  23  4:02  Refinery  
  23  4:07  Factory Tech Lab  
  23  4:11  Supply Depot  
  23  4:12  Supply Depot  
  23  4:32  SCV  
  23  4:34  Siege Tank  
  23  4:36  Barracks Tech Lab  
  27  4:42  Barracks  
  27  4:44  SCV, Barracks  
  28  4:48  Orbital Command  
  28  4:55  Engineering Bay  
  28  4:56  SCV, Marine  
  30  5:08  SCV  
  30  5:14  Marine  
  31  5:21  SCV, Missile Turret  
  33  5:24  Missile Turret  
  33  5:29  Stimpack  
  33  5:30  Siege Tank  
  33  5:31  Barracks Reactor x2  
  33  5:33  SCV  
  37  5:37  SCV, Supply Depot  
  38  5:45  SCV  
  38  5:47  Supply Depot  
  38  5:49  SCV  
  40  5:54  Supply Depot  
  40  5:55  Terran Infantry Weapons Level 1  
  40  5:57  SCV  
  40  6:01  SCV  
  42  6:09  SCV  
  43  6:11  Starport  
  43  6:13  SCV  
  43  6:18  Marine x4  
  45  6:21  SCV  
  49  6:25  SCV  
  49  6:31  Refinery  
  50  6:33  SCV  
  50  6:34  Refinery  
  50  6:38  SCV  
  52  6:45  SCV  
  53  6:50  SCV, Marine x4  
  53  6:51  Command Center  
  58  6:55  Supply Depot  
  58  7:02  Starport Reactor  
  58  7:03  Marine  
  58  7:08  Marine x3  
  61  7:09  SCV x2  
  64  7:30  Combat Shields  
  64  7:37  Missile Turret  
  64  7:48  Missile Turret x2  
  64  7:49  Missile Turret x2  
  63  8:06  Orbital Command  
  63  8:09  SCV  
  63  8:10  SCV  
  65  8:14  Marine x5  
  65  8:17  Medivac x2  
  74  8:21  SCV  
  74  8:22  SCV  
  76  8:27  Terran Infantry Armor Level 1  
  76  8:32  Marine  
  77  8:34  Barracks  
  77  8:35  Barracks  
  77  8:42  SCV x3  
  77  8:47  Medivac x2  
  84  8:48  Marine  
  84  8:49  Marine x4  
  84  8:50  Siege Tank  
  84  8:54  SCV x3  
  95  9:06  SCV, Marine x2  
  95  9:07  SCV x2, Marine  
  101  9:13  Supply Depot x2  
  101  9:22  Barracks Tech Lab  
  101  9:24  Supply Depot  
  101  9:25  Barracks Reactor  
  101  9:34  SCV x3, Marine x5  
  109  9:46  SCV x3  
  109  9:52  Marauder, Marine x2  
  116  9:54  Marauder, Refinery, Marine, Supply Depot x2  
  116  9:55  Marine  
  116  9:57  Medivac  
  116  9:58  SCV x3, Refinery  
  125  10:13  Barracks  
  125  10:15  SCV, Barracks, Marine x4  
  125  10:16  Marauder x2, SCV x2, Marine x2  
  125  10:17  Supply Depot  
  125  10:18  Supply Depot  
  125  10:19  Supply Depot  
  138  10:33  Marine  
  139  10:37  Marauder  
  139  10:39  Marauder  
  125  10:58  Marauder  
  125  11:01  Marauder  
  125  11:03  Marine x6  
  135  11:17  SCV  
  135  11:18  SCV x2  
  137  11:20  Marauder  
  137  11:21  Marine x4  
  137  11:22  Marauder  
  145  11:28  Barracks Tech Lab  
  145  11:30  Barracks Reactor, SCV x2  
  147  11:41  Marauder  
  147  11:43  Marauder  
  151  11:48  Marine x5  
  151  11:49  Marauder, Marine  
  159  11:54  Supply Depot x2  
  159  11:55  Supply Depot  
  159  12:00  Armory  
  159  12:01  Engineering Bay  
  159  12:02  Marauder  
  159  12:05  Marauder  
  163  12:10  Marauder  
  163  12:15  Marine x4  
  165  12:16  Marine x4  
  173  12:23  Supply Depot x2  
  173  12:24  Marauder  
  173  12:25  Supply Depot  
  173  12:26  Marauder  
  173  12:28  Supply Depot  
  177  12:30  Supply Depot  
  177  12:31  Marauder  
  177  12:32  Supply Depot  
  177  12:33  Marine, Supply Depot  
  180  12:42  Marine  
  180  12:43  Marine x6  
  187  12:45  Marauder  
  187  12:48  Marauder  
  187  12:51  Marine  
  191  12:53  Marauder  
  190  13:00  Marine x2  
  190  13:01  Marine x5  
  185  13:07  Marauder  
  185  13:09  Marauder, Marine  
  172  13:14  Marauder  
  172  13:18  Marine x4  
  172  13:19  Marine x3  
  175  13:26  Marine, Medivac x2  
  179  13:28  Terran Infantry Weapons Level 2, Terran Infantry Armor Level 2, Marauder  
  179  13:30  Marauder  
  184  13:35  Marauder  
  184  13:36  Marine x5  
  184  13:37  Marine x2  
  193  13:44  Marine  
  194  13:49  Marauder  
  194  13:52  Marauder  
  194  13:54  Marine x2, Command Center  
  200  14:13  Marauder  
  199  14:21  Marine  
  199  15:15  Marine  
  196  15:56  Orbital Command, Refinery x2  
  196  16:02  Marine x4  
  200  16:15  Command Center  
  200  16:26  Command Center  
Show
View Real Time Build Order
Export as new Build Order

Nickorlator Zerg - Winner!

Build Orders: Pool First 

Get SALT Encoding   

  12  0:10  Drone  
  12  0:12  Overlord  
  13  0:24  Drone  
  14  0:34  Drone x2  
  16  0:43  Drone  
  17  0:55  Drone  
  18  1:09  Spawning Pool  
  17  1:22  Drone x2  
  19  1:26  Extractor  
  18  1:56  Zergling x6  
  21  2:14  Roach Warren  
  20  2:26  Hatchery  
  19  2:32  Drone x3  
  19  2:34  Extractor  
  21  2:40  Metabolic Boost  
  21  3:13  Overlord  
  21  3:31  Queen, Roach  
  21  3:32  Roach x2  
  29  3:37  Queen  
  29  3:40  Roach  
  33  3:50  Drone x2  
  33  3:53  Ravager  
  33  4:03  Ravager  
  33  4:04  Ravager  
  35  4:11  Spine Crawler  
  35  4:16  Ravager  
  35  4:46  Overlord  
  35  4:47  Overlord x4  
  35  5:04  Spore Crawler  
  35  5:06  Spore Crawler  
  33  5:08  Drone x2  
  35  5:25  Lair  
  35  5:33  Roach x2  
  39  5:52  Roach x3  
  45  6:17  Drone x3  
  45  6:18  Drone x3  
  51  6:20  Drone  
  52  6:33  Hydralisk Den, Drone  
  52  6:39  Pneumatized Carapace  
  52  6:59  Spore Crawler  
  51  7:04  Muscular Augments  
  51  7:05  Hydralisk x2  
  48  7:28  Spore Crawler  
  45  7:31  Spore Crawler  
  44  8:01  Hatchery  
  40  8:09  Hydralisk  
  42  8:19  Hydralisk  
  44  8:28  Drone x3  
  47  8:38  Extractor  
  47  8:39  Drone  
  47  8:40  Extractor  
  46  8:41  Drone  
  47  8:48  Drone  
  47  8:50  Drone  
  49  9:00  Drone x2  
  49  9:01  Drone  
  52  9:08  Drone  
  52  9:09  Drone  
  54  9:19  Drone x2  
  54  9:23  Drone  
  57  9:24  Drone  
  57  9:30  Drone  
  59  9:31  Drone  
  59  9:34  Drone  
  59  9:37  Drone  
  62  9:40  Drone  
  63  9:45  Drone x2  
  63  9:51  Drone x2  
  63  9:52  Drone  
  68  9:54  Drone  
  68  9:57  Drone  
  70  10:03  Overseer  
  70  10:05  Drone x3  
  73  10:13  Drone  
  74  10:18  Overlord  
  74  10:19  Overlord x2  
  74  10:43  Evolution Chamber  
  74  10:44  Evolution Chamber  
  74  10:46  Drone  
  74  10:47  Drone x14  
  74  10:48  Drone x2  
  89  10:50  Drone  
  89  10:52  Drone  
  91  11:07  Hatchery  
  91  11:09  Spire  
  89  11:11  Extractor  
  89  11:13  Extractor  
  89  11:14  Drone x3, Extractor  
  89  11:15  Extractor  
  89  11:16  Drone x2  
  89  11:17  Drone  
  91  11:20  Drone x3  
  91  11:21  Drone  
  91  11:23  Drone x2  
  97  11:29  Overlord x2  
  97  11:35  Drone  
  97  11:37  Overlord  
  98  11:46  Zerg Missile Weapons Level 1  
  98  11:47  Queen, Zerg Ground Armor Level 1  
  98  11:51  Queen  
  102  11:56  Drone x4, Spore Crawler  
  102  11:58  Drone x4  
  109  12:10  Hydralisk  
  109  12:11  Hydralisk  
  113  12:19  Queen  
  115  12:22  Hydralisk  
  115  12:23  Hatchery, Hydralisk x2  
  120  12:30  Hydralisk x2  
  120  12:36  Hydralisk x3  
  125  12:46  Hydralisk x2  
  120  12:54  Hydralisk x6  
  120  12:56  Hydralisk  
  103  12:59  Hydralisk  
  103  13:01  Hydralisk  
  101  13:06  Hydralisk x2  
  101  13:08  Hydralisk  
  101  13:11  Hydralisk  
  107  13:14  Queen  
  107  13:18  Hydralisk  
  107  13:19  Hydralisk  
  111  13:36  Hatchery  
  110  13:46  Zerg Missile Weapons Level 2, Zerg Ground Armor Level 2  
  110  13:50  Queen, Corruptor x2  
  114  14:17  Hydralisk  
  114  14:18  Hydralisk x2  
  120  14:27  Burrow  
  120  14:49  Hydralisk x3  
  100  15:40  Roach x11  
  93  16:25  Drone x14  
  104  16:26  Drone  
  108  16:45  Hatchery  
  107  16:49  Infestation Pit  
  106  16:59  Drone x3  
  106  17:00  Drone x10  
Tags
 
Add a new tag
Caveats
  • Supply blocks, unpowered buildings, or Contaminate may cause inaccurate times.
  • Supply counts are checked every 10 seconds.